 Dungeon Crawl Stone Soup version 0.29.0-4-gdea44cf6ec (webtiles) character file.

Game seed: 7079567805998743966

10 qw the Caller (level 2, 0/23 HPs)
             Began as a Ghoul Summoner on Sept 10, 2022.
             Slain by an adder (2 damage)
             ... on level 1 of the Dungeon.
             The game lasted 00:00:21 (1435 turns).

qw the Caller (Ghoul Summoner)                      Turns: 1435, Time: 00:00:21

Health: 0/23       AC:  8    Str: 11    XL:     2   Next: 20%
Magic:  3/3        EV:  5    Int: 10    God:
Gold:   92         SH:  0    Dex:  9    Spells: 3/4 levels left

rFire   . . .      SeeInvis .   Y - +0 club
rCold   + . .      Faith    .   (no shield)
rNeg    + + +      Spirit   .   g - +0 chain mail
rPois   inf        Reflect  .   (no helmet)
rElec   .          Harm     .   (no cloak)
rCorr   .          Rampage  .   (no gloves)
Will    .....                   (no boots)
Stlth   ..........              (no amulet)
HPRegen 0.00/turn               (no ring)
MPRegen 0.08/turn               (no ring)

@: inhibited regen
A: claws 1, cold resistance 1, negative energy resistance 3, inhibited
regeneration, torment resistance 2, devour on kill
a: no special abilities


You were on level 1 of the Dungeon.
You visited 1 branch of the dungeon, and saw 2 of its levels.

You collected 92 gold pieces.


Innate Abilities, Weirdness & Mutations

You are immune to poison.
You have sharp fingernails.
Your flesh is cold resistant. (rC+)
You are immune to negative energy. (rN+++)
You do not regenerate when monsters are visible.
You are immune to unholy pain and torment.
You thrive by killing the living.


   Skills:
 - Level 1.0 Fighting
 + Level 1.2 Axes
 - Level 1.7 Dodging
 - Level 2.1 Stealth
 - Level 1.7 Spellcasting
 - Level 3.6 Summonings


You had 3 spell levels left.
You knew the following spells:

 Your Spells              Type           Power      Damage    Failure   Level
a - Summon Small Mammal   Summ           32%        N/A       99%         1

Your spell library contained the following spells:

 Spells                   Type           Power      Damage    Failure   Level
 Call Imp                 Summ           8%         N/A       100%        2
 Call Canine Familiar     Summ           8%         N/A       100%        3
 Summon Guardian Golem    Hex/Summ       4%         N/A       100%        3
 Summon Lightning Spire   Summ/Air       4%         N/A       100%        4

Inventory:

Hand Weapons
 Y - a +0 club (weapon)
Armour
 g - a +0 chain mail (worn)
Scrolls
 j - a scroll of identify
Potions
 f - a potion of invisibility {unknown}
 h - a potion of degeneration {unknown}

Dungeon Overview and Level Annotations

Branches:
Dungeon (2/15)

Altars:


Message History

The adder is severely wounded.
The adder bites you but does no damage.
You miss the adder.
The adder is severely wounded.
The adder bites you but does no damage. x2
You barely miss the adder.
The adder is severely wounded.
The adder bites you but does no damage. The adder bites you.
You closely miss the adder.
The adder is severely wounded.
A hobgoblin comes into view.
The adder bites you but does no damage.
1427 ||| STAIRDANCE The hobgoblin shouts!
The adder bites you.
You climb upwards.
There is a stone staircase leading down here.
Enter note: You hit the adder but do no damage.
The adder is severely wounded.
The adder bites you but does no damage. The adder bites you.
You miss the adder.
The adder is severely wounded.
The adder barely misses you. The adder bites you but does no damage.
You closely miss the adder.
The adder is severely wounded.
The adder barely misses you.
You miss the adder.
The adder is severely wounded.
The adder barely misses you. The adder bites you but does no damage.
You barely miss the adder.
The adder is severely wounded.
The adder bites you but does no damage. x2
You barely miss the adder.
The adder is severely wounded.
The adder bites you.
You barely miss the adder.
The adder is severely wounded.
The adder closely misses you. The adder bites you.
You die...

####### #.# #.....# #.#
#.###.# #.# #.#
#.####.# #.###....#.#
#.#......#.# ########
#.#.#....#.#####......#
#.....#....S.....####.#
###.####....@#####
#.### #.....###...##
#...# #####.....# ##.##
###.# #.........# #.#
#.# #.###.....# #.# #.#
..........# ##'## #.#
#.###.#######...## #.#
#.###.# ##.....##
####.# #..#..#
##.......## ##.##.#####


You could see an adder.

Vanquished Creatures
  An endoplasm (D:1)
  2 giant cockroaches (D:1)
  A rat (D:1)
4 creatures vanquished.

Vanquished Creatures (collateral kills)
  An endoplasm (D:1)
  A quokka (D:1)
  A bat (D:1)
  A frilled lizard (D:1)
  2 rats (D:1)
6 creatures vanquished.

Grand Total: 10 creatures vanquished

Notes
Turn   | Place    | Note
-------+----------+-------------------------------------------
     0 | D:1      | qw the Ghoul Summoner began the quest for the Orb.
     0 | D:1      | Reached XP level 1. HP: 14/14 MP: 2/2
     0 | D:1      | 0 ||| qw: Version: 0.1-a-116-g5d60599
     0 | D:1      | 0 ||| qw: Game counter: 7659
     0 | D:1      | 0 ||| qw: Always use a shield: true
     0 | D:1      | 0 ||| qw: God list: Okawaru
     0 | D:1      | 0 ||| qw: Allow faded altars: false
     0 | D:1      | 0 ||| qw: Do Orc after D:15 true
     0 | D:1      | 0 ||| qw: Do second Lair branch before Depths: true
     0 | D:1      | 0 ||| qw: Lair rune preference: random
     0 | D:1      | 0 ||| qw: Plans: Normal
     0 | D:1      | 0 ||| PLANNING D:1-11
    81 | D:1      | 81 ||| CASTING Summon Small Mammal
    82 | D:1      | 82 ||| CASTING Summon Small Mammal
    94 | D:1      | 94 ||| CASTING Summon Small Mammal
   144 | D:1      | 144 ||| CASTING Summon Small Mammal
   145 | D:1      | 145 ||| CASTING Summon Small Mammal
   183 | D:1      | 183 ||| CASTING Summon Small Mammal
   184 | D:1      | 184 ||| CASTING Summon Small Mammal
   218 | D:1      | Found a faded altar of an unknown god.
   233 | D:1      | 233 ||| CASTING Summon Small Mammal
   234 | D:1      | 234 ||| CASTING Summon Small Mammal
   237 | D:1      | Reached skill level 1 in Axes
   345 | D:1      | 345 ||| CASTING Summon Small Mammal
   346 | D:1      | 346 ||| CASTING Summon Small Mammal
   428 | D:1      | 428 ||| CASTING Summon Small Mammal
   429 | D:1      | 429 ||| CASTING Summon Small Mammal
   472 | D:1      | 472 ||| CASTING Summon Small Mammal
   473 | D:1      | 473 ||| CASTING Summon Small Mammal
   484 | D:1      | 484 ||| CASTING Summon Small Mammal
   487 | D:1      | Reached skill level 1 in Fighting
   487 | D:1      | Reached XP level 2. HP: 16/23 MP: 0/3
   859 | D:1      | 859 ||| CASTING Summon Small Mammal
   860 | D:1      | 860 ||| CASTING Summon Small Mammal
   861 | D:1      | 861 ||| CASTING Summon Small Mammal
   975 | D:1      | 975 ||| CASTING Summon Small Mammal
   976 | D:1      | 976 ||| CASTING Summon Small Mammal
   977 | D:1      | 977 ||| CASTING Summon Small Mammal
  1032 | D:1      | 1032 ||| Wielding weapon +0 club.
  1062 | D:1      | 1062 ||| CASTING Summon Small Mammal
  1063 | D:1      | 1063 ||| CASTING Summon Small Mammal
  1064 | D:1      | 1064 ||| CASTING Summon Small Mammal
  1367 | D:1      | 1367 ||| UPGRADING to +0 chain mail.
  1377 | D:1      | 1377 ||| DROPPING +0 robe.
  1378 | D:1      | 1378 ||| READING 2 scrolls labelled SIOFIRRO XAMACW.
  1379 | D:1      | 1379 ||| READING scroll labelled FOQ AD GIEDUH.
  1380 | D:1      | 1380 ||| READING scroll labelled HOENUABL VOGH.
  1381 | D:1      | 1381 ||| READING scroll labelled FIDAXO BEIVAY.
  1382 | D:1      | 1382 ||| DROPPING potion of magic.
  1427 | D:2      | 1427 ||| STAIRDANCE
  1429 | D:1      | HP: 4/23 [adder (2)]
  1434 | D:1      | HP: 2/23 [adder (2)]
  1435 | D:1      | Slain by an adder

Levels and vault maps discovered:
D:1:      dpeg_arrival_signposts, layout_loops_corners,
          shapermc_ecumenical_altar_rom_forum
D:2:      layout_basic, serial_shops, shop, kennysheep_cross_room,
          minmay_misc_feat_secret_circle

Skill      XL: |  1 |
---------------+----+-----
Axes           | 1 |  1.2
Fighting       | 1 |  1.0
Dodging        | |  1.7
Stealth        | |  2.1
Spellcasting   | |  1.7
Summonings     | |  3.6

Action                   || total
-------------------------++-------
Melee: Unarmed           ||    18
       Punch             ||     1
       Club              ||    28
 Cast: Summon Small Mamm ||    23
  Use: Scroll            ||     4
Armor: Robe              ||     8
       Chain mail        ||    25
Dodge: Dodged            ||    21

Table legend:
 A = Non-vault XP
 B = Vault XP
 C = Vault XP percentage of total XP
 D = Non-vault monster count
 E = Vault monster count
 F = Vault count percentage of total count
                 A         B        C        D         E       F
            +---------+---------+-------+---------+---------+-------
      Total |      15 |       0 |   0.0 |      10 |       0 |   0.0
            +---------+---------+-------+---------+---------+-------
        D:1 |      15 |       0 |   0.0 |      10 |       0 |   0.0
            +---------+---------+-------+---------+---------+-------
